 Dungeon Crawl Stone Soup version 0.22-a0-824-g1ca9aab89c (webtiles) character file.

141308 Htamos the Bludgeoner (level 16, -1/172 HPs)
             Began as a Troll Chaos Knight on July 24, 2018.
             Slain by an Executioner (21 damage)
             ... summoned by a deep elf demonologist
             ... on level 2 of the Elven Halls.
             The game lasted 01:45:06 (27037 turns).

Htamos the Bludgeoner (Troll Chaos Knight)         Turns: 27037, Time: 01:45:08

Health: -1/172     AC: 12    Str: 46    XL:     16   Next: 77%
Magic:  16/16      EV:  9    Int:  5    God:    Xom [.*....]
Gold:   1700       SH: 24    Dex: 11    Spells: 15/15 levels left

rFire    . . .     SeeInvis +   W - +7 flail "Trog's Hatred" {flame, rElec rN+ Str+4}
rCold    + . .     Gourm    +   h - +3 large shield of the Queen {rElec Str+3}
rNeg     + . .     Faith    .   v - +2 robe {MR+}
rPois    +         Spirit   .   M - +1 hat of Brilliance {rPois Regen+ Str+5 Int-3}
rElec    +         Reflect  .   L - +1 cloak {MR+}
rCorr    .         Harm     .   (gloves unavailable)
MR       ++++.                  (boots unavailable)
Stlth    ++........             Y - amulet of regeneration
HPRegen  1.98/turn              J - ring of see invisible
MPRegen  0.15/turn              I - ring of poison resistance

@: mighty, about to teleport, hasted, studying 2 skills, drained, very quick
A: large, unfitting armour, claws 3, fangs 1, horns 1, yellow scales 1,
camouflage 1, agile 1, cold resistance 1, fast metabolism 3, gourmand, high mp
1, magic resistance 1, regeneration 2, shaggy fur 1, tough skin 2, sturdy frame
1
a: Renounce Religion


You were on level 2 of the Elven Halls.
You worshipped Xom.
You were a plaything of Xom.
You were full.

You visited 4 branches of the dungeon, and saw 25 of its levels.
You also visited: Labyrinth and Ice Cave.

You collected 3356 gold pieces.
You spent 1656 gold pieces at shops.

Inventory:

Hand Weapons
 a - a +5 mace of chaos
 P - the +10 hand crossbow of Purpose {freeze, rN+}
   (You found it on level 9 of the Dungeon)

   It causes projectiles fired from it to freeze those they strike, causing
   extra injury to most foes and up to half again as much damage against
   particularly susceptible opponents.
   They can also slow down cold-blooded creatures.
   It protects you from negative energy.
 W - the +7 flail "Trog's Hatred" (weapon) {flame, rElec rN+ Str+4}
   (You found it in a labyrinth)

   It has been specially enchanted to burn those struck by it, causing extra
   injury to most foes and up to half again as much damage against particularly
   susceptible opponents.
   It affects your strength (+4).
   It insulates you from electricity.
   It protects you from negative energy.
Armour
 b - +0 acid dragon scales
 h - the +3 large shield of the Queen (worn) {rElec Str+3}
   (You took it off Louise on level 1 of the Elven Halls)

   It affects your strength (+3).
   It insulates you from electricity.
 l - the +1 robe of the Elven Halls {rElec Stlth+}
   (You acquired it on level 3 of the Dungeon)

   It insulates you from electricity.
   It makes you more stealthy.
 u - a +4 troll leather armour
 v - a +2 robe of magic resistance (worn)
 L - a +1 cloak of magic resistance (worn)
 M - the +1 hat of Brilliance (worn) {rPois Regen+ Str+5 Int-3}
   (You found it on level 13 of the Dungeon)

   It affects your strength (+5).
   It affects your intelligence (-3).
   It protects you from poison.
   It increases your rate of regeneration.
 V - a +0 shield
Magical Staves
 y - an uncursed staff of poison
Jewellery
 I - a ring of poison resistance (right claw)
 J - a ring of see invisible (left claw)
 K - an uncursed ring of flight
 S - an uncursed ring of resist corrosion
 T - an uncursed amulet of rage
 Y - an amulet of regeneration (around neck)
Wands
 f - a wand of digging (9)
 g - a wand of flame (30)
 i - a wand of paralysis (15)
 k - a wand of enslavement (27)
 s - a wand of polymorph (14)
 w - a wand of random effects (31)
 B - a wand of disintegration (15)
 U - a wand of iceblast (6)
Scrolls
 e - 6 scrolls of immolation
 j - 4 scrolls of blinking
 r - 7 scrolls of remove curse
 t - 8 scrolls of teleportation
 x - 2 scrolls of fear
 C - 4 scrolls of enchant armour
 E - 4 scrolls of vulnerability
 G - 2 scrolls of amnesia
 H - 4 scrolls of magic mapping
 N - 4 scrolls of fog
Potions
 d - 5 potions of curing
 m - 4 potions of agility
 n - 3 potions of mutation
 o - 2 potions of brilliance {unknown}
 p - 5 potions of magic
 z - a potion of might
 A - 2 potions of haste
 D - a potion of lignification
 R - 4 potions of flight
Books
 O - a manual of Ice Magic
 Q - a manual of Dodging
Miscellaneous
 X - a crystal ball of energy
Comestibles
 c - 44 rations


   Skills:
 + Level 14.1(12.8) Fighting
 + Level 15.1(13.8) Maces & Flails
 + Level 14.6(13.3) Dodging
 + Level 9.2(8.1) Shields


You had 15 spell levels left.
You didn't know any spells.
Your spell library contained the following spells:

 Spells                   Type           Power        Failure   Level  Hunger
 Cause Fear               Hex            #.........   100%        4    #####..
 Magic Dart               Conj           #...         97%         1    ##.....
 Fireball                 Conj/Fire      #.........   100%        5    ######.
 Apportation              Tloc           #.....       97%         1    ##.....
 Conjure Flame            Conj/Fire      #.......     100%        3    ####...
 Lightning Bolt           Conj/Air       #.........   100%        5    ######.
 Bolt of Magma            Conj/Fire/Erth #.........   100%        5    ######.
 Slow                     Hex            #.......     99%         2    ###....
 Confuse                  Hex            #.......     100%        3    ####...
 Invisibility             Hex            #.......     100%        6    #######
 Throw Flame              Conj/Fire      #.....       99%         2    ###....
 Throw Frost              Conj/Ice       #.....       99%         2    ###....
 Venom Bolt               Conj/Pois      #.........   100%        5    ######.
 Iskenderun's Mystic Bla  Conj           #.......     100%        4    #####..
 Freeze                   Ice            #...         97%         1    ##.....
 Sticky Flame             Conj/Fire      #.......     100%        4    #####..
 Summon Ice Beast         Ice/Summ       #.......     100%        4    #####..
 Ozocubu's Armour         Chrm/Ice       #.......     100%        3    ####...
 Tukima's Dance           Hex            #.......     100%        3    ####...
 Summon Demon             Summ           #.........   100%        5    ######.
 Corpse Rot               Necr           N/A          99%         2    ###....
 Iron Shot                Conj/Erth      #.........   100%        6    #######
 Stone Arrow              Conj/Erth      #.....       100%        3    ####...
 Shock                    Conj/Air       #...         97%         1    ##.....
 Swiftness                Chrm/Air       #.......     99%         2    ###....
 Recall                   Summ/Tloc      N/A          100%        3    ####...
 Spider Form              Tmut/Pois      #.........   100%        3    ####...
 Blade Hands              Tmut           #.........   100%        5    ######.
 Statue Form              Tmut/Erth      #........    100%        6    #######
 Ice Form                 Ice/Tmut       #.......     100%        4    #####..
 Deflect Missiles         Chrm/Air       #.........   100%        6    #######
 Throw Icicle             Conj/Ice       #.......     100%        4    #####..
 Airstrike                Air            #.........   100%        4    #####..
 Shadow Creatures         Summ           N/A          100%        6    #######
 Flame Tongue             Conj/Fire      #....        97%         1    ##.....
 Passwall                 Tmut/Erth      #.......     99%         2    ###....
 Ignite Poison            Fire/Tmut/Pois #.......     100%        3    ####...
 Sticks to Snakes         Tmut           #.......     99%         2    ###....
 Ensorcelled Hibernation  Hex/Ice        #.....       99%         2    ###....
 Summon Butterflies       Summ           #.......     97%         1    ##.....
 Silence                  Hex/Air        #.........   100%        5    ######.
 Shatter                  Erth           #.........   100%        9    #######
 Static Discharge         Conj/Air       #.......     100%        3    ####...
 Corona                   Hex            #......      97%         1    ##.....
 Alistair's Intoxication  Tmut/Pois      #.......     100%        5    ######.
 Conjure Ball Lightning   Conj/Air       #.........   100%        6    #######
 Portal Projectile        Hex/Tloc       #.....       100%        3    ####...
 Orb of Destruction       Conj           #.........   100%        7    #######
 Tornado                  Air            #.........   100%        9    #######
 Leda's Liquefaction      Hex/Erth       #.........   100%        4    #####..
 Summon Hydra             Summ           #.........   100%        7    #######
 Inner Flame              Hex/Fire       #.......     100%        3    ####...
 Aura of Abjuration       Summ           #.........   100%        5    ######.
 Beastly Appendage        Tmut           #.....       97%         1    ##.....
 Iskenderun's Battlesphe  Conj/Chrm      #.......     100%        5    ######.
 Fulminant Prism          Conj/Hex       #.........   100%        4    #####..
 Dazzling Spray           Conj/Hex       #.....       100%        3    ####...
 Force Lance              Conj/Tloc      #.......     100%        4    #####..
 Searing Ray              Conj           #.....       99%         2    ###....
 Summon Forest            Summ/Tloc      #.........   100%        5    ######.
 Summon Lightning Spire   Summ/Air       #.......     100%        4    #####..
 Spellforged Servitor     Conj/Summ      #.........   100%        7    #######
 Summon Mana Viper        Hex/Summ       #.......     100%        5    ######.
 Hydra Form               Tmut           #.........   100%        6    #######
 Lesser Beckoning         Tloc           #.........   100%        3    ####...
 Ignition                 Fire           #.........   100%        8    #######


Dungeon Overview and Level Annotations

Branches:
Dungeon (15/15)            Temple (0/1) D:7            Lair (6/6) D:9
  Swamp (0/4) Lair:4        Snake (0/4) Lair:3        Slime (0/5) Lair:6
    Orc (2/2) D:10            Elf (2/3) Orc:2        Vaults (0/5) D:14
 Depths (0/5) D:15

Altars:
Ashenzari
Cheibriados
Dithmenos
Fedhas
Hepliaklqana
Makhleb
Nemelex Xobeh
Ru
Vehumet
Xom
Yredelemnul
The Shining One
Beogh

Shops:
D:8 (   D:9 (   D:14 (   Orc:1 }((   Orc:2 *%[:

Portals:
Hell: Lair:6
Trove: Elf:1 (give 16 potions of curing)

Annotations:
D:15 Vuimu Jalia's ghost, journeyman MiGl
Lair:1 exclusion: 2 hydras
Lair:6 Somebody's ghost, journeyman DsWz


Innate Abilities, Weirdness & Mutations

You are too large for most types of armour.
You have claws for hands.
Your metabolism is lightning-fast.
You like to eat raw meat.
You heal very quickly.
You are covered in fur. (AC +1)
You have very tough skin. (AC +2)
You have very sharp teeth.
You have a pair of small horns on your head.
You are partially covered in yellow scales. (AC +2)
Your skin changes colour to match your surroundings (Stealth+).
You are agile. (Dex +2)
Your flesh is cold resistant. (rC+)
You have an increased reservoir of magic. (+10% MP)
You are resistant to hostile enchantments. (MR+)
Your movements are slightly less encumbered by armour. (ER -2)


Message History

The deep elf knight flickers and vanishes for a moment.
The deep elf demonologist gestures wildly while chanting.
You block the Executioner's attack. The Executioner closely misses you.
The Executioner hits you but does no damage.
The deep elf mage mumbles some strange words.
The Executioner hits you!
* * * LOW HITPOINT WARNING * * *
You block the Executioner's attack. x2; The Executioner hits you!
* * * LOW HITPOINT WARNING * * *
You block the Executioner's attack.
The Executioner hits you but does no damage.
Unknown command.
You feel yourself speed up. The Executioner hits you.
* * * LOW HITPOINT WARNING * * *
You block the Executioner's attack. x2; The Executioner barely misses you.
You block the Executioner's attack.
The Executioner hits you but does no damage.
The Executioner hits you!!
You die...
Xom laughs nastily!

#...e....# b###.#.
#........##b.e*s'.
#...e...ee§erese'.
#......(.#(###e##∆
#....e...#b# #2#
#........#b# #e#
#......e.#.# #e#
#.......##.# #1# ∆
##.....###.# #@#
##...## #'# #.#
..... ... #.#
....e. ... #.#
#...... #.# #.# ∆
#.# #.# #.. ∆


You could see a hell beast, an Executioner, a demonic crawler, a deep elf
demonologist, a deep elf archer, a deep elf knight (invisible), 3 deep elf magi,
a jumping spider and a battlesphere.

Vanquished Creatures
  Rupert (D:12)
  Donald (Orc:2)
  Roxanne (Elf:2)
  Louise (Elf:1)
  A deep elf sorcerer (Elf:2)
  An orc warlord (Orc:1)
  A deep elf demonologist (Elf:1)
  Azrael (Elf:1)
  Nessos (D:15)
  Snorg (Lair:3)
  The ghost of Htamos the Protected, a journeyman DDBe of Trog (D:13)
  2 great orbs of eyes
  A deep elf high priest (Elf:1)
  A hell beast (Lair:6)
  7 hydras
  7 two-headed ogres
  5 centaur warriors
  2 tengu warriors (D:15)
  An ogre mage (D:15)
  7 dancing weapons (Elf:1)
  A shock serpent (Lair:5)
  5 orc high priests
  Urug (D:11)
  10 deep elf knights
  Sonja (D:14)
  A fire crab (shapeshifter) (D:14)
  2 unseen horrors
  A wizard (Lair:6)
  10 deep elf archers
  A necromancer (IceCv)
  2 orc sorcerers
  7 orc knights
  6 cyclopes
  A manticore (D:11)
  11 ugly things
  31 deep elf magi
  3 centaur zombies
  2 ice statues (IceCv)
  17 elephants
  5 black mambas
  2 torpor snails (Lair:5)
  A smoke demon (Lair:6)
  2 orange demons (Lair:6)
  4 kobold demonologists
  A redback zombie (D:13)
  10 spiny frogs
  2 gargoyles (D:12)
  6 ice devils
  4 komodo dragons
  5 rime drakes
  A hellwing (IceCv)
  3 trolls
  4 meliai
  Grinder (D:5)
  A polar bear (Lair:6)
  3 hornets
  13 blink frogs
  A snapping turtle (shapeshifter) (D:13)
  3 dream sheep
  8 slime creatures
  9 hippogriffs
  2 air elementals
  A shadow (D:13)
  Sigmund (D:4)
  A wraith (D:12)
  2 redbacks
  12 spriggans (Lair:3)
  3 wyverns
  4 hogs (D:8)
  A human (D:8)
  2 water elementals (Elf:1)
  56 yaks
  5 fire elementals
  3 hungry ghosts
  5 vampire mosquitoes
  2 basilisks
  A steam dragon (shapeshifter) (D:11)
  2 nagas (Lair:3)
  A soldier ant (D:15)
  7 wargs
  An acid dragon (D:12)
  6 hell hounds
  17 water moccasins
  15 ice beasts
  9 porcupines
  44 orc warriors
  2 sky beasts
  6 phantoms
  A black bear (D:10)
  3 boggarts (D:14)
  11 centaurs
  14 wolves
  6 ogres
  16 crocodiles
  4 big kobolds
  Blork the orc (D:6)
  19 bullfrogs
  A gnoll sergeant (D:11)
  2 earth elementals
  3 scorpions
  60 killer bees
  5 wights
  2 howler monkeys
  3 electric eels
  9 crimson imps
  A quasit (D:11)
  A bullfrog zombie (D:13)
  5 jellies
  5 hounds
  6 centaur skeletons
  Terence (D:3)
  33 orc priests
  4 iguanas
  7 worker ants
  Natasha (thrice) (D:4)
  18 orc wizards
  5 hell rats (Lair:4)
  A spriggan simulacrum (IceCv)
  4 troll simulacra (IceCv)
  A killer bee zombie (D:3)
  2 centaur simulacra (IceCv)
  A hound zombie (D:6)
  6 adders
  8 gnolls
  2 naga simulacra (IceCv)
  An ogre simulacrum (IceCv)
  2 shadow imps
  An ooze (D:2)
  A worm (shapeshifter) (Lair:3)
  4 worms
  2 dart slugs
  8 leopard geckos
  90 orcs
  A ball python (D:6)
  9 giant cockroaches
  9 goblins
  5 hobgoblins
  8 jackals
  21 kobolds
  5 quokkas
  6 bats
  2 frilled lizards
  A giant cockroach zombie (D:5)
  8 rats
915 creatures vanquished.

Vanquished Creatures (collateral kills)
  A satyr (D:11)
  An orc high priest (Orc:2)
  A deep elf knight (Elf:1)
  An orc knight (Orc:2)
  An ugly thing (D:11)
  A black mamba (Lair:2)
  A spiny frog (Lair:6)
  A hornet (D:9)
  A blink frog (Lair:6)
  2 yaks
  A golden eye (shapeshifter) (D:11)
  2 orc warriors
  An eye of draining (D:12)
  2 centaurs (D:9)
  An ogre (D:7)
  2 crocodiles
  A bullfrog (Lair:2)
  2 killer bees
  A crimson imp (D:9)
  A hound (D:4)
  6 orc priests
  An orc wizard (D:9)
  An iguana (D:9)
  A hell rat (Lair:4)
  A worker ant (D:4)
  2 worms (D:4)
  3 orcs
  A frilled lizard (D:4)
41 creatures vanquished.

Vanquished Creatures (others)
  2 dancing weapons (Elf:1)
  A deep elf knight (Elf:1)
  A deep elf archer (Elf:1)
  3 deep elf magi (Elf:1)
  A hellwing (Lair:6)
  A water elemental (Elf:1)
  An orc warrior (D:6)
  A bullfrog (Lair:3)
  A worker ant (D:6)
  3 orcs (D:6)
  24 fungi
  15 plants
54 creatures vanquished.

Grand Total: 1010 creatures vanquished

Notes
Turn   | Place    | Note
-------+----------+-------------------------------------------
     0 | D:1      | Htamos the Troll Chaos Knight began the quest for the Orb.
     0 | D:1      | Reached XP level 1. HP: 22/22 MP: 0/0
   112 | D:1      | XOM: potion effect (might)
   181 | D:1      | Reached XP level 2. HP: 29/29 MP: 1/1
   213 | D:1      | XOM: harmless Pois miscast
   257 | D:1      | Reached skill level 3 in Maces & Flails
   498 | D:1      | XOM: harmless Necr miscast
   550 | D:1      | Reached XP level 3. HP: 36/36 MP: 2/2
   620 | D:1      | XOM: give mutations
   620 | D:1      | Gained mutation: You possess an exceptional clarity of mind. [Xom's mischief]
   620 | D:1      | Gained mutation: You are frail. (-10% HP) [Xom's mischief]
   755 | D:1      | XOM: give mutation
   755 | D:1      | Lost mutation: You are frail. (-10% HP) [Xom's mischief]
   905 | D:2      | XOM: divination: detect items
  1069 | D:2      | XOM: silly message
  1077 | D:2      | XOM: polymorph kobold -> leopard gecko
  1167 | D:2      | Found a glowing golden altar of the Shining One.
  1183 | D:2      | XOM: cloud trail
  1292 | D:2      | Reached XP level 4. HP: 31/45 MP: 3/3
  1297 | D:2      | XOM: severe Chrm miscast
  1489 | D:2      | XOM: god gift: buckler {god gift}
  1541 | D:2      | Noticed a phantom
  1603 | D:2      | Killed a phantom
  1603 | D:2      | Reached XP level 5. HP: 43/53 MP: 4/4
  1674 | D:3      | Found a sparkling altar of Nemelex Xobeh.
  1725 | D:3      | Noticed Terence
  1739 | D:3      | Killed Terence
  1822 | D:3      | XOM: give mutations
  1822 | D:3      | Gained mutation: You heal very quickly. [Xom's grace]
  1822 | D:3      | Gained mutation: You are agile. (Dex +2) [Xom's grace]
  1828 | D:3      | Identified a scroll of acquirement
  1829 | D:3      | Got a wizard robe
  1840 | D:3      | Identified the +1 robe of the Elven Halls {rElec Stlth+} (You acquired it on level 3 of the Dungeon)
  2010 | D:3      | XOM: divination: magic mapping
  2062 | D:3      | Reached skill level 4 in Maces & Flails
  2085 | D:3      | You fall through a shaft for 2 floors!
  2085 | D:5      | Entered Level 5 of the Dungeon
  2100 | D:5      | XOM: enchant monster (good)
  2137 | D:4      | Noticed Grinder
  2146 | D:4      | Noticed a centaur
  2164 | D:5      | Reached XP level 6. HP: 27/62 MP: 5/5
  2170 | D:5      | Paralysed by something for 5 turns
  2173 | D:5      | XOM: smoke on damage
  2177 | D:5      | XOM: god gift: 37 gold pieces
  2179 | D:5      | Killed Grinder
  2223 | D:4      | XOM: summons 6 friendly demons
  2230 | D:4      | Reached XP level 7. HP: 63/70 MP: 6/6
  2281 | D:4      | Noticed Natasha
  2282 | D:4      | Noticed Sigmund
  2287 | D:4      | Killed Natasha
  2304 | D:4      | Killed Sigmund
  2304 | D:4      | Reached skill level 5 in Maces & Flails
  2485 | D:4      | XOM: summons 7 friendly demons
  2575 | D:4      | Found a snail-covered altar of Cheibriados.
  2576 | D:4      | Found a sacrificial altar of Ru.
  2577 | D:4      | XOM: god gift: curved glowing staff {god gift}
  2624 | D:4      | Found a hazy altar of Hepliaklqana.
  2626 | D:4      | Found a shattered altar of Ashenzari.
  2627 | D:4      | Found a basalt altar of Yredelemnul.
  2678 | D:4      | Noticed Natasha
  2687 | D:4      | Killed Natasha
  2861 | D:4      | XOM: harmless Air miscast
  2946 | D:4      | Noticed Natasha
  2953 | D:4      | Killed Natasha
  3246 | D:5      | XOM: summons friendly shadow imp
  3259 | D:5      | Reached skill level 5 in Fighting
  3259 | D:5      | Reached XP level 8. HP: 69/80 MP: 7/7
  3424 | D:5      | You fall through a shaft!
  3610 | D:6      | Reached skill level 5 in Dodging
  3835 | D:6      | XOM: cleaving
  3873 | D:6      | XOM: give mutations
  3873 | D:6      | Gained mutation: You expend magic power (3 MP) to strengthen your wands. [Xom's grace]
  3873 | D:6      | Gained mutation: Your spells are a little harder to cast, but a little more powerful. [Xom's grace]
  3873 | D:6      | Gained mutation: Your movements are slightly less encumbered by armour. (ER -2) [Xom's grace]
  3873 | D:6      | Gained mutation: You are somewhat resistant to further mutation. [Xom's grace]
  3881 | D:6      | Reached skill level 6 in Maces & Flails
  3963 | D:6      | XOM: fog
  4053 | D:6      | Noticed Blork the orc
  4066 | D:6      | Killed Blork the orc
  4186 | D:6      | XOM: divine lightning
  4316 | D:6      | XOM: give mutations
  4316 | D:6      | Gained mutation: You are robust. (+10% HP) [Xom's grace]
  4316 | D:6      | Gained mutation: You are partially covered in rugged brown scales. (AC +1, +3% HP) [Xom's grace]
  4316 | D:6      | Gained mutation: Your muscles are strong. (Str +2) [Xom's grace]
  4316 | D:6      | Lost mutation: You are somewhat resistant to further mutation. [Xom's grace]
  4316 | D:6      | Gained mutation: You evolve. [Xom's grace]
  4484 | D:6      | XOM: scenery: create altars
  4507 | D:6      | XOM: god gift: scroll of vulnerability
  4847 | D:7      | XOM: 1-stop teleportation journey
  5021 | D:7      | Reached XP level 9. HP: 92/100 MP: 8/8
  5113 | D:7      | Found a blossoming altar of Fedhas.
  5122 | D:7      | Reached skill level 7 in Maces & Flails
  5475 | D:7      | Found a staircase to the Ecumenical Temple.
  5507 | D:7      | XOM: divination: detect creatures
  5740 | D:8      | XOM: fog
  5745 | D:8      | XOM: summons friendly ynoxinul
  5785 | D:8      | XOM: cloud trail
  5806 | D:8      | Noticed a troll
  5813 | D:8      | XOM: scenery: create altars
  5814 | D:8      | Killed a troll
  5814 | D:8      | Reached skill level 8 in Maces & Flails
  5913 | D:8      | Noticed a two-headed ogre
  5916 | D:8      | Killed a two-headed ogre
  5916 | D:8      | Reached XP level 10. HP: 115/115 MP: 2/9
  6044 | D:8      | Found Waje's Antique Weapon Shoppe.
  6076 | D:8      | You fall through a shaft!
  6132 | D:9      | XOM: 1-stop teleportation journey
  6141 | D:9      | XOM: cleaving
  6252 | D:9      | XOM: polymorph orc -> hobgoblin
  6380 | D:9      | XOM: summons 10 friendly demons
  6446 | D:9      | XOM: fog
  6452 | D:9      | Reached skill level 9 in Maces & Flails
  6453 | D:9      | XOM: potion effect (invisibility)
  6476 | D:9      | XOM: god gift: 36 gold pieces
  6519 | D:9      | Noticed a purple ugly thing
  6522 | D:9      | XOM: confuse monster(s)
  6540 | D:9      | Killed a purple ugly thing
  6615 | D:9      | XOM: scenery: create altars
  6705 | D:9      | Found a staircase to the Lair.
  6898 | D:9      | XOM: summons friendly shadow imp
  6932 | D:9      | Found Far Cysyg's Weapon Shop.
  7054 | D:9      | XOM: summons 4 friendly demons
  7110 | D:9      | XOM: confuse monster(s)
  7152 | D:9      | Got a fine hand crossbow
  7153 | D:9      | Identified the +10 hand crossbow of Purpose {freeze, rN+} (You found it on level 9 of the Dungeon)
  7216 | D:9      | XOM: give mutations
  7216 | D:9      | Gained mutation: You have a pair of small horns on your head. [Xom's grace]
  7216 | D:9      | Gained mutation: You are partially covered in yellow scales. (AC +2) [Xom's grace]
  7216 | D:9      | Gained mutation: You are very robust. (+20% HP) [Xom's grace]
  7216 | D:9      | Gained mutation: You have an increased reservoir of magic. (+10% MP) [Xom's grace]
  7257 | D:10     | Entered Level 10 of the Dungeon
  7265 | D:10     | Reached XP level 11. HP: 118/138 MP: 11/11
  7405 | D:10     | Found a staircase to the Orcish Mines.
  7554 | D:10     | XOM: god gift: 520 gold pieces
  7744 | D:10     | XOM: cleaving
  8021 | D:11     | Noticed a white ugly thing
  8021 | D:11     | Noticed a brown ugly thing
  8021 | D:11     | XOM: summons 11 friendly demons
  8029 | D:11     | Noticed a satyr
  8029 | D:11     | a cyan ugly thing changed into a satyr
  8029 | D:11     | XOM: polymorph cyan ugly thing -> satyr
  8031 | D:11     | Killed a satyr
  8034 | D:11     | Killed a cyan ugly thing
  8099 | D:11     | XOM: polymorph yak -> meliai
  8108 | D:11     | XOM: cast spell 'Summon Hydra'
  8109 | D:11     | XOM: god gift: shortbow {god gift}
  8127 | D:11     | XOM: divine lightning
  8132 | D:11     | Paralysed by a hornet for 3 turns
  8133 | D:11     | XOM: 9-stop teleportation journey
  8134 | D:11     | Noticed Urug
  8136 | D:11     | XOM: 1-stop teleportation journey
  8146 | D:11     | XOM: confuse monster(s)
  8178 | D:11     | XOM: swap monsters
  8182 | D:11     | XOM: harmless Erth miscast
  8232 | D:11     | XOM: draining
  8234 | D:11     | XOM: 1-stop teleportation journey
  8241 | D:11     | Reached skill level 10 in Maces & Flails
  8593 | D:11     | XOM: blink monster(s)
  8619 | D:11     | XOM: harmless Fire miscast
  8938 | D:11     | XOM: noise
  9009 | D:11     | XOM: silly message
  9031 | D:11     | XOM: divination: magic mapping
  9135 | D:11     | XOM: god gift: wand of enslavement (15)
  9191 | D:11     | XOM: enchant monster (good)
  9192 | D:11     | XOM: divination: detect creatures
  9219 | D:11     | XOM: fog
  9223 | D:11     | Killed Urug
  9333 | D:11     | Noticed a red ugly thing
  9345 | D:11     | Killed a red ugly thing
  9617 | Lair:1   | Entered Level 1 of the Lair of Beasts
  9632 | Lair:1   | Noticed a seven-headed hydra
  9879 | Lair:1   | Noticed a seven-headed hydra
  9910 | Lair:1   | XOM: scenery: create altars
  9911 | Lair:1   | XOM: scenery: 1 doors open
  9915 | Lair:1   | XOM: fog
  9996 | Lair:1   | Found a labyrinth entrance.
 10004 | Lair:1   | XOM: polymorph porcupine -> howler monkey
 10006 | Lab      | Entered a labyrinth
 10354 | Lab      | XOM: confuse monster(s)
 10695 | Lab      | Noticed a minotaur
 10711 | Lab      | Got a steaming flail
 10748 | Lair:1   | Identified the +7 flail "Trog's Hatred" {flame, rElec rN+ Str+4} (You found it in a labyrinth)
 10761 | Lair:1   | Killed a seven-headed hydra
 10761 | Lair:1   | Reached skill level 10 in Fighting
 10761 | Lair:1   | Reached XP level 12. HP: 125/154 MP: 12/12
 10809 | Lair:1   | XOM: scenery: create altars
 10835 | Lair:1   | XOM: divination: detect items
 10842 | Lair:1   | Noticed a four-headed hydra
 10851 | Lair:1   | Killed a four-headed hydra
 10851 | Lair:1   | Reached skill level 10 in Dodging
 10856 | Lair:1   | XOM: give mutations
 10856 | Lair:1   | Gained mutation: Your spells are harder to cast, but more powerful. [Xom's grace]
 10856 | Lair:1   | Gained mutation: You have a pair of horns on your head. [Xom's grace]
 10856 | Lair:1   | Gained mutation: Your skin changes colour to match your surroundings (Stealth+). [Xom's grace]
 10856 | Lair:1   | Gained mutation: You have large cloven feet. [Xom's grace]
 10909 | Lair:1   | XOM: divination: detect items
 10936 | Lair:1   | Reached skill level 11 in Maces & Flails
 10953 | Lair:1   | XOM: scenery: create altars
 11272 | Lair:1   | Lost mutation: You are very robust. (+20% HP) [evolution]
 11371 | Lair:1   | XOM: repel stairs
 11376 | Lair:1   | XOM: medium Tmut miscast
 11407 | Lair:2   | XOM: summons 1 hostile demon
 11412 | Lair:2   | XOM: harmless Tmut miscast
 11481 | Lair:2   | XOM: 1-stop teleportation journey
 11493 | Lair:2   | XOM: cleaving
 11507 | Lair:2   | XOM: 4-stop teleportation journey
 11510 | Lair:2   | XOM: give mutations
 11510 | Lair:2   | Gained mutation: You have hoof-like feet. [Xom's grace]
 11510 | Lair:2   | Gained mutation: You are resistant to hostile enchantments. (MR+) [Xom's grace]
 11510 | Lair:2   | Gained mutation: Your mind is acute. (Int +2) [Xom's grace]
 11575 | Lair:2   | Noticed a seven-headed hydra
 11585 | Lair:2   | Killed a seven-headed hydra
 11945 | Lair:2   | XOM: scenery: create altars
 11974 | Lair:2   | XOM: cloud trail
 11985 | Lair:2   | XOM: summons friendly orange demon
 12177 | Lair:3   | XOM: scenery: create altars
 12179 | Lair:3   | Noticed Snorg
 12180 | Lair:3   | XOM: destruction
 12181 | Lair:3   | XOM: 9-stop teleportation journey
 12198 | Lair:3   | XOM: noise
 12228 | Lair:3   | Killed Snorg
 12230 | Lair:3   | XOM: noise
 12237 | Lair:3   | XOM: smoke on damage
 12240 | Lair:3   | XOM: enchant monster (good)
 12469 | Lair:3   | XOM: give mutations
 12469 | Lair:3   | Lost mutation: You are resistant to hostile enchantments. (MR+) [Xom's mischief]
 12469 | Lair:3   | Lost mutation: You are robust. (+10% HP) [Xom's mischief]
 12469 | Lair:3   | Lost mutation: Your spells are harder to cast, but more powerful. [Xom's mischief]
 12522 | Lair:3   | XOM: summons friendly iron imp
 12610 | Lair:3   | Reached XP level 13. HP: 141/141 MP: 13/13
 12766 | Lair:3   | Reached skill level 12 in Maces & Flails
 12834 | Lair:3   | XOM: harmless Ice miscast
 12968 | Lair:3   | Found a staircase to the Snake Pit.
 13002 | Lair:3   | XOM: mild Ice miscast
 13424 | Lair:3   | XOM: god gift: scroll of enchant weapon
 13485 | Lair:3   | XOM: summons friendly white imp
 13493 | Lair:3   | XOM: cleaving
 13507 | Lair:3   | Lost mutation: Your muscles are strong. (Str +2) [evolution]
 13880 | D:12     | XOM: god gift: 2 potions of degeneration
 14004 | D:12     | XOM: noise
 14094 | D:12     | XOM: noise
 14223 | D:12     | XOM: summons 2 friendly demons
 14328 | D:12     | Reached skill level 1 in Shields
 14524 | D:12     | Noticed Rupert
 14538 | D:12     | Killed Rupert
 14726 | D:13     | Found a shadowy altar of Dithmenos.
 14913 | D:13     | XOM: smoke on damage
 14916 | D:13     | XOM: polymorph worker ant -> scorpion
 14928 | D:13     | XOM: enchant monster (bad)
 15059 | D:13     | XOM: enchant monster (bad)
 15300 | D:13     | XOM: give mutations
 15300 | D:13     | Gained mutation: You have very sharp teeth. [Xom's grace]
 15300 | D:13     | Gained mutation: You are resistant to hostile enchantments. (MR+) [Xom's grace]
 15379 | D:13     | XOM: give mutations
 15379 | D:13     | Lost mutation: You are partially covered in rugged brown scales. (AC +1, +3% HP) [Xom's mischief]
 15379 | D:13     | Lost mutation: You possess an exceptional clarity of mind. [Xom's mischief]
 15488 | D:13     | XOM: enchant monster (good)
 15645 | D:13     | Found a runed gate.
 15645 | D:13     | Found a runed gate.
 15647 | D:13     | Found a runed gate.
 15654 | D:13     | Noticed Htamos's ghost (journeyman DDBe)
 15656 | D:13     | Found a roughly hewn altar of Beogh.
 15678 | D:13     | XOM: divination: detect items
 15704 | D:13     | XOM: enchant monster (bad)
 15713 | D:13     | XOM: harmless Tloc miscast
 15784 | D:13     | XOM: repel stairs
 15797 | D:13     | XOM: blink monster(s)
 15802 | D:13     | Killed Htamos's ghost
 15900 | D:13     | Got a fine hat
 15959 | D:13     | XOM: torment (71/139 hp)
 16064 | D:14     | XOM: divination: magic mapping
 16091 | D:14     | XOM: confusion
 16152 | D:14     | XOM: harmless Tloc miscast
 16231 | D:14     | Found a gate to the Vaults.
 16242 | D:14     | Noticed an entropy weaver
 16242 | D:14     | a vault guard changed into an entropy weaver
 16242 | D:14     | XOM: polymorph vault guard -> entropy weaver
 16243 | D:14     | XOM: enchant monster (bad)
 16247 | D:14     | an entropy weaver changed into a seven-headed hydra
 16247 | D:14     | XOM: polymorph entropy weaver -> seven-headed hydra
 16358 | D:14     | Noticed Sonja
 16370 | D:14     | XOM: mild Fire miscast
 16371 | D:14     | Killed Sonja
 16395 | D:14     | XOM: smoke on damage
 16444 | D:14     | Reached XP level 14. HP: 123/148 MP: 14/14
 16794 | D:14     | Reached skill level 13 in Maces & Flails
 17052 | D:14     | XOM: polymorph purple ugly thing -> great orb of eyes
 17158 | D:14     | Found Mujagaj's Weapon Shop.
 17573 | D:15     | Entered Level 15 of the Dungeon
 17612 | D:15     | Noticed an entropy weaver
 17612 | D:15     | an ettin changed into an entropy weaver
 17612 | D:15     | XOM: polymorph ettin -> entropy weaver
 17626 | D:15     | XOM: noise
 17702 | D:15     | an entropy weaver changed into a great orb of eyes
 17702 | D:15     | XOM: polymorph entropy weaver -> great orb of eyes
 17751 | D:15     | XOM: medium Pois miscast
 17788 | D:15     | XOM: polymorph two-headed ogre -> redback
 17815 | D:15     | Reached skill level 5 in Shields
 17846 | D:15     | XOM: swap monsters
 17872 | D:15     | Noticed Nessos
 17953 | D:15     | XOM: enchant monster (good)
 17968 | D:15     | XOM: give mutations
 17968 | D:15     | Lost mutation: You have hoof-like feet. [Xom's mischief]
 17968 | D:15     | Lost mutation: Your spells are a little harder to cast, but a little more powerful. [Xom's mischief]
 17970 | D:15     | XOM: stat loss: -1 Int (9/10)
 17974 | D:15     | XOM: medium Tloc miscast
 17986 | D:15     | Killed Nessos
 18062 | D:15     | XOM: mild Chrm miscast
 18075 | D:15     | XOM: destruction
 18117 | D:15     | Identified the +1 hat of Brilliance {rPois Regen+ Str+5 Int-3} (You found it on level 13 of the Dungeon)
 18195 | D:15     | Found a staircase to the Depths.
 18217 | D:15     | XOM: swap monsters
 18218 | D:15     | XOM: mild Chrm miscast
 18327 | D:15     | XOM: polymorph acid dragon -> soldier ant
 18328 | D:15     | XOM: 2-stop teleportation journey
 18332 | D:15     | XOM: enchant monster (bad)
 18362 | D:15     | Found a transporter.
 18363 | D:15     | Noticed Vuimu Jalia's ghost (journeyman MiGl)
 18364 | D:15     | Noticed a frost giant
 18365 | D:15     | Found a transporter.
 18431 | D:15     | XOM: summons 1 hostile shadow creature
 18433 | D:15     | XOM: noise
 18444 | D:15     | XOM: swap monsters
 18447 | D:15     | XOM: medium Summ miscast
 18492 | D:15     | XOM: stat loss: -1 Int (6/7)
 18496 | D:15     | XOM: blink monster(s)
 18854 | D:9      | XOM: harmless Chrm miscast
 18913 | Lair:2   | XOM: harmless Necr miscast
 18988 | Lair:4   | XOM: potion effect (haste)
 19001 | Lair:4   | XOM: give mutations
 19001 | Lair:4   | Gained mutation: Your spells are a little harder to cast, but a little more powerful. [Xom's grace]
 19001 | Lair:4   | Lost mutation: You evolve. [Xom's grace]
 19001 | Lair:4   | Gained mutation: You are somewhat resistant to further mutation. [Xom's grace]
 19001 | Lair:4   | Gained mutation: Your flesh is cold resistant. (rC+) [Xom's grace]
 19032 | Lair:4   | XOM: enchant monster (good)
 19086 | Lair:4   | Found a staircase to the Swamp.
 19086 | Lair:4   | XOM: 4-stop teleportation journey
 19163 | Lair:4   | XOM: harmless Erth miscast
 19216 | Lair:4   | XOM: god gift: potion of agility
 19248 | Lair:4   | XOM: god gift: chain mail {god gift}
 19393 | Lair:4   | XOM: cast spell 'Leda's Liquefaction'
 19406 | Lair:4   | XOM: divination: detect items
 19416 | Lair:4   | XOM: summons friendly iron imp
 19543 | Lair:4   | XOM: cast spell 'Chain of Chaos'
 19820 | Lair:4   | XOM: give mutations
 19820 | Lair:4   | Lost mutation: You have a pair of horns on your head. [Xom's mischief]
 19820 | Lair:4   | Lost mutation: Your spells are a little harder to cast, but a little more powerful. [Xom's mischief]
 19904 | Lair:5   | XOM: repel stairs
 19912 | Lair:5   | XOM: 1-stop teleportation journey
 19951 | Lair:5   | XOM: harmless Tmut miscast
 19954 | Lair:5   | XOM: harmless Ice miscast
 20063 | Lair:5   | Reached XP level 15. HP: 125/158 MP: 15/15
 20136 | Lair:5   | XOM: confuse monster(s)
 20139 | Lair:5   | XOM: silly message
 20209 | Lair:5   | XOM: enchant monster (bad)
 20264 | Lair:5   | XOM: silly message
 20460 | Lair:5   | XOM: cleaving
 20526 | Lair:5   | XOM: noise
 20712 | Lair:5   | XOM: summons 3 hostile demons
 20831 | Lair:6   | Entered Level 6 of the Lair of Beasts
 20846 | Lair:6   | Found a staircase to the Slime Pits.
 20846 | Lair:6   | XOM: 3-stop teleportation journey
 20885 | Lair:6   | Found a runed door.
 20896 | Lair:6   | Noticed Somebody's ghost (journeyman DsWz)
 20952 | Lair:6   | XOM: summons friendly white imp
 21017 | Lair:6   | XOM: 2-stop teleportation journey
 21046 | Lair:6   | XOM: divination: magic mapping
 21065 | Lair:6   | Reached skill level 14 in Maces & Flails
 21112 | Lair:6   | XOM: cast spell 'Summon Mana Viper'
 21182 | Lair:6   | Found a frozen archway.
 21201 | IceCv    | Entered an ice cave
 21233 | IceCv    | XOM: summons friendly iron imp
 21498 | IceCv    | XOM: scenery: 1 doors close
 21925 | Lair:6   | Found a burning altar of Makhleb.
 21948 | Lair:6   | XOM: swap monsters
 22005 | Lair:6   | XOM: confusion
 22088 | Lair:6   | Found a gateway to Hell.
 22090 | Lair:6   | XOM: scenery: 1 doors close
 22608 | Orc:1    | Entered Level 1 of the Orcish Mines
 22608 | Orc:1    | Found Waeqih's Weapon Shoppe.
 22627 | Orc:1    | Found Feimalus's Gadget Boutique.
 22842 | Orc:1    | XOM: 1-stop teleportation journey
 22877 | Orc:1    | Found Gyhyn's Antique Weapon Shoppe.
 22913 | Orc:1    | XOM: potion effect (brilliance)
 23089 | Orc:2    | Entered Level 2 of the Orcish Mines
 23163 | Orc:2    | XOM: enchant monster (bad)
 23165 | Orc:2    | XOM: divination: detect items
 23423 | Orc:2    | Noticed an orc warlord
 23444 | Orc:2    | XOM: confusion (+ monsters)
 23449 | Orc:2    | XOM: confuse monster(s)
 23503 | Orc:1    | Killed an orc warlord
 23585 | Orc:2    | Found a staircase to the Elven Halls.
 23993 | Orc:2    | Noticed Donald
 23998 | Orc:2    | XOM: fake destruction
 24016 | Orc:2    | Killed Donald
 24057 | Orc:2    | XOM: confuse monster(s)
 24204 | Orc:2    | Reached XP level 16. HP: 170/170 MP: 16/16
 24206 | Orc:2    | Found Laesch's Book Shoppe.
 24206 | Orc:2    | Found Ceewo's General Store.
 24207 | Orc:2    | Found Yphothag's Armour Shoppe.
 24207 | Orc:2    | Found Uzebamumm's Food Emporium.
 24222 | Orc:2    | Bought a manual of Dodging for 1656 gold pieces
 24477 | Orc:1    | XOM: harmless Tmut miscast
 24678 | Elf:1    | Entered Level 1 of the Elven Halls
 24718 | Elf:1    | XOM: summons 7 hostile demons
 24730 | Elf:1    | Found a radiant altar of Vehumet.
 24738 | Elf:1    | XOM: harmless Erth miscast
 24782 | Elf:1    | XOM: mild Necr miscast
 24816 | Elf:1    | XOM: give mutations
 24816 | Elf:1    | Lost mutation: You have large cloven feet. [Xom's mischief]
 24816 | Elf:1    | Lost mutation: You are somewhat resistant to further mutation. [Xom's mischief]
 24816 | Elf:1    | Lost mutation: You expend magic power (3 MP) to strengthen your wands. [Xom's mischief]
 24816 | Elf:1    | Lost mutation: Your mind is acute. (Int +2) [Xom's mischief]
 24879 | Elf:1    | XOM: summons 1 hostile shadow creature
 24882 | Elf:1    | XOM: 1-stop teleportation journey
 24887 | Elf:1    | XOM: blink monster(s)
 24893 | Elf:1    | XOM: harmless Hex miscast
 24903 | Elf:1    | XOM: chaos cloud
 24911 | Elf:1    | Paralysed by you for 6 turns
 24925 | Elf:1    | XOM: summons 3 friendly demons
 24948 | Elf:1    | XOM: polymorph ice beast -> porcupine
 24956 | Elf:1    | XOM: cast spell 'Statue Form'
 24959 | Elf:1    | XOM: confuse monster(s)
 24967 | Elf:1    | XOM: divination: detect items
 24991 | Elf:1    | XOM: summons friendly quasit
 24997 | Elf:1    | XOM: destruction
 25326 | Elf:1    | XOM: summons 5 friendly demons
 25389 | Elf:1    | XOM: harmless Hex miscast
 25466 | Elf:1    | Noticed Louise
 25552 | Elf:1    | Killed Louise
 25556 | Elf:1    | Got an ancient large shield
 25567 | Elf:1    | Identified the +3 large shield of the Queen {rElec Str+3} (You took it off Louise on level 1 of the Elven Halls)
 25574 | Elf:1    | XOM: harmless Summ miscast
 25600 | Elf:1    | Noticed Azrael
 25618 | Elf:1    | Killed Azrael
 25633 | Elf:1    | Found a portal to a secret trove of treasure.
 25736 | Elf:1    | XOM: harmless Ice miscast
 25776 | Elf:1    | XOM: silly message
 26024 | Elf:1    | XOM: harmless Air miscast
 26056 | Elf:1    | XOM: potion effect (curing)
 26064 | Elf:1    | XOM: potion effect (agility)
 26085 | Elf:1    | XOM: divination: detect creatures
 26220 | Elf:1    | XOM: harmless Tmut miscast
 26221 | Elf:1    | XOM: summons 16 friendly demons
 26268 | Elf:1    | XOM: harmless Tloc miscast
 26418 | Elf:1    | Reached skill level 15 in Maces & Flails
 26525 | Elf:2    | XOM: confuse monster(s)
 26553 | Elf:2    | XOM: enchant monster (good)
 26554 | Elf:2    | XOM: swap monsters
 26634 | Elf:2    | Noticed Roxanne
 26635 | Elf:2    | XOM: destruction
 26716 | Elf:2    | XOM: destruction
 26821 | Elf:2    | Killed Roxanne
 26822 | Elf:2    | Identified Roxanne's Compendium of Changing (You took it off Roxanne on level 2 of the Elven Halls)
 26841 | Elf:2    | XOM: cast spell 'Ring of Flames'
 26884 | Elf:2    | XOM: cast spell 'Summon Ice Beast'
 26988 | Elf:2    | XOM: cast spell 'Summon Butterflies'
 27014 | Elf:2    | XOM: divination: detect items
 27016 | Elf:2    | Noticed an Executioner
 27035 | Elf:2    | XOM: medium Hex miscast
 27037 | Elf:2    | Slain by an Executioner

Vault maps used:
D:1:      dpeg_arrival_rhombus
D:2:      minivault_5, tso_metal_star
D:3:      nicolae_overflow_hidden_temple, uniq_terence
D:4:      grunt_temple_overflow_open, serial_curves, eino_curves_03,
          eino_curves_04, uniq_grinder, uniq_natasha, uniq_sigmund
D:5:      first_ration
D:6:      lightli_minifort, uniq_blork_the_orc
D:7:      lemuel_temple_firewalk_a, minmay_statues_item, fedhas_altar_1
D:8:      basic_altar, serial_shops, shop, grunt_livestock
D:9:      minmay_lair_entry_grove, serial_shops, nicolae_shop_crystal,
          minmay_splitting_lines, kennysheep_kite_vault
D:10:     orc_0_dummy, serial_bayou, serial_bayou_pond_b, serial_bayou_lagoon_a,
          serial_bayou_pond_e, serial_bayou_shore_a, serial_bayou_pond_c
D:11:     enter_bailey_7, uniq_urug
D:12:     uniq_rupert
D:13:     biasface_ghost_orc_armoury, nicolae_dithmenos_shadow_blocks
D:14:     david_vaults_5, serial_shops, nicolae_shop_trees,
          minmay_misc_feat_chi, nicolae_twisting_strands, grunt_ministairs_14,
          minmay_misc_feat_ornament, uniq_sonja
D:15:     hangedman_depths_entry_civil_slaughter,
          hangedman_abyss_or_decor_passed, gammafunk_ghost_smash, uniq_nessos
Lair:1:   lab_entry_generic, grunt_megastairs_4
Lair:3:   wad_woods_minihive, guppyfry_snake_entry_island, minivault_19,
          bh_autumn_forest_stairs, uniq_snorg
Lair:4:   swamp_mist_pool, st_stairs_10, minmay_stone_trees_medium,
          hibernation_bobbens
Lair:6:   evil_forest, minmay_slime_entry_pillars,
          portal_ice_cave_entry_ice_beasts, hellmonk_ghost_happy_afterlife,
          lemuel_fruit_fields
Orc:1:    nicolae_orc_accident_1, serial_shops, shop_fountains, shop_statue,
          shop
Orc:2:    st_orc_pillars, uniq_donald
Elf:1:    eino_elf_arrival_altar, nicolae_trove_entry_free_sample,
          hangedman_elf_represent, abandoned_shop, evilmike_ambush, uniq_louise,
          uniq_azrael
Elf:2:    uniq_roxanne, uniq_agnes, uniq_jorgrun
Lab:      labyrinth_hidden_loot, nicolae_lab_hexagon
IceCv:    ice_cave_tombish

Skill      XL: |  1  2  3  4  5  6  7  8  9 10 11 12 13 14 15 16 |
---------------+-------------------------------------------------+-----
Dodging        | 2 3 4 5 7 8 9 11 12 13 14 | 14.6
Maces & Flails | 3 4 5 6 8 9 10 11 12 13 14 15 | 15.1
Fighting       | 3 4 5 6 7 8 10 11 12 13 14 | 14.1
Shields        | 3 6 8 9 |  9.2

Action                   |  1- 3 |  4- 6 |  7- 9 | 10-12 | 13-15 | 16-18 || total
-------------------------+-------+-------+-------+-------+-------+-------++-------
Melee: Mace              |   135 |   114 |   325 |   889 |  1642 |    32 ||  3137
       Staff             |       |       |     2 |       |       |       ||     2
       Headbutt          |       |       |       |   178 |   503 |   132 ||   813
       Flail             |       |       |       |    40 |   132 |   447 ||   619
       Kick              |       |       |       |   102 |   839 |    11 ||   952
       Bite              |       |       |       |       |   230 |    82 ||   312
Evoke: Wand              |       |       |    12 |    39 |    17 |     9 ||    77
       Phantom mirror    |       |       |       |     1 |       |       ||     1
  Use: Scroll            |       |     7 |     5 |    18 |    19 |     8 ||    57
       Potion            |       |     1 |     1 |     6 |     5 |     7 ||    20
 Stab: Petrifying        |     1 |       |     2 |     3 |     3 |     2 ||    11
       Sleeping          |       |     2 |     2 |     4 |    10 |     2 ||    20
       Paralysed         |       |     1 |       |    18 |    12 |       ||    31
       Petrified         |       |       |     9 |     2 |       |     5 ||    16
       Confused          |       |       |     2 |     6 |     5 |     1 ||    14
       Invisible         |       |       |       |     5 |       |       ||     5
       Distracted        |       |       |       |     1 |     6 |     1 ||     8
  Eat: Chunk             |    17 |     8 |    33 |    76 |   100 |    19 ||   253
       Ration            |       |       |       |     3 |     1 |     2 ||     6
Armor: Robe              |    65 |    65 |    70 |   248 |    34 |    54 ||   536
       Troll leather arm |       |       |       |       |   290 |     2 ||   292
       Acid dragon scale |       |       |       |       |     3 |       ||     3
       Skin              |       |       |       |       |       |    15 ||    15
Dodge: Dodged            |    91 |    72 |   212 |   849 |   745 |   112 ||  2081
Block: Shield            |       |       |       |       |   678 |    93 ||   771
       Large shield      |       |       |       |       |       |   189 ||   189

Table legend:
 A = Spawn XP
 B = Non-spawn XP
 C = Spawn XP percentage of total XP
 D = Spawn monster count
 E = Non-spawn monster count
 F = Spawn count percentage of total count
 G = Total turns spent on level
                    A         B        C        D         E        F      G
               +---------+---------+-------+---------+---------+-------+---------
         Total |       0 |  201869 |   0.0 |       0 |     961 |   0.0 | 27037
               +---------+---------+-------+---------+---------+-------+---------
           D:1 |       0 |      46 |   0.0 |       0 |      25 |   0.0 |   830
           D:2 |       0 |     180 |   0.0 |       0 |      21 |   0.0 |   844
           D:3 |       0 |      96 |   0.0 |       0 |      17 |   0.0 |   431
           D:4 |       0 |     571 |   0.0 |       0 |      16 |   0.0 |   816
           D:5 |       0 |     568 |   0.0 |       0 |      13 |   0.0 |   556
           D:6 |       0 |     861 |   0.0 |       0 |      25 |   0.0 |  1148
           D:7 |       0 |    1292 |   0.0 |       0 |      19 |   0.0 |   953
           D:8 |       0 |    2602 |   0.0 |       0 |      12 |   0.0 |   498
           D:9 |       0 |    4647 |   0.0 |       0 |      52 |   0.0 |  1301
          D:10 |       0 |    1362 |   0.0 |       0 |      13 |   0.0 |   854
          D:11 |       0 |    7176 |   0.0 |       0 |      56 |   0.0 |  1637
          D:12 |       0 |    4925 |   0.0 |       0 |      33 |   0.0 |   919
          D:13 |       0 |    9931 |   0.0 |       0 |      44 |   0.0 |  1385
          D:14 |       0 |   16680 |   0.0 |       0 |      50 |   0.0 |  1593
          D:15 |       0 |   16370 |   0.0 |       0 |      37 |   0.0 |  1092
        Lair:1 |       0 |    5798 |   0.0 |       0 |      19 |   0.0 |  1104
        Lair:2 |       0 |    6010 |   0.0 |       0 |      22 |   0.0 |   861
        Lair:3 |       0 |   11208 |   0.0 |       0 |      86 |   0.0 |  1465
        Lair:4 |       0 |    7253 |   0.0 |       0 |      37 |   0.0 |  1033
        Lair:5 |       0 |   11467 |   0.0 |       0 |      36 |   0.0 |   982
        Lair:6 |       0 |   19038 |   0.0 |       0 |      77 |   0.0 |  1197
         Orc:1 |       0 |    5521 |   0.0 |       0 |      36 |   0.0 |   712
         Orc:2 |       0 |   16408 |   0.0 |       0 |     115 |   0.0 |  1346
         Elf:1 |       0 |   34090 |   0.0 |       0 |      58 |   0.0 |  1839
         Elf:2 |       0 |   14152 |   0.0 |       0 |      22 |   0.0 |   520
           Lab |       0 |     455 |   0.0 |       0 |       3 |   0.0 |   730
         IceCv |       0 |    3162 |   0.0 |       0 |      17 |   0.0 |   391
               +---------+---------+-------+---------+---------+-------+---------
